 Dungeon Crawl Stone Soup version 0.25.1-11-g244df3a29b (webtiles) character file.

Game seed: 280777870217710797

2193 DeepDeath the Carver (level 9, -1/71 HPs)
             Began as a Minotaur Fighter on Jan 9, 2024.
             Was an Initiate of Fedhas.
             Slain by an unseen horror (8 damage)
             ... on level 6 of the Dungeon.
             The game lasted 00:15:46 (5969 turns).

DeepDeath the Carver (Minotaur Fighter)             Turns: 5969, Time: 00:15:46

Health: -1/71      AC:  9    Str: 23    XL:     9   Next: 12%
Magic:  9/9        EV:  8    Int:  5    God:    Fedhas [......]
Gold:   285        SH: 16    Dex: 11    Spells: 8/8 levels left

rFire    . . .     SeeInvis .   a - +1 long sword (venom)
rCold    . . .     Gourm    .   c - +0 kite shield
rNeg     . . .     Faith    .   b - +0 scale mail
rPois    .         Spirit   .   (helmet restricted)
rElec    .         Reflect  +   g - +0 cloak
rCorr    .         Harm     .   (no gloves)
MR       .....                  (no boots)
Stlth    ..........             o - amulet of reflection
HPRegen  0.21/turn              (no ring)
MPRegen  0.11/turn              (no ring)

@: very slightly contaminated, invisible
A: retaliatory headbutt, horns 2
a: Renounce Religion


You were on level 6 of the Dungeon.
You worshipped Fedhas.
Fedhas was noncommittal.
You were very hungry.

You visited 1 branch of the dungeon, and saw 6 of its levels.
You also visited: Sewer.

You collected 285 gold pieces.

Inventory:

Hand Weapons
 a - a +1 long sword of venom (weapon)
Missiles
 d - a curare-tipped dart
 l - 179 stones (quivered)
 m - 42 sling bullets
 v - 21 bolts
Armour
 b - a +0 scale mail (worn)
 c - a +0 kite shield (worn)
 g - a +0 cloak (worn)
 w - the +1 robe of Calculation {rElec}
   (You found it on level 4 of the Dungeon)

   It insulates you from electricity.
Jewellery
 o - an amulet of reflection (around neck)
Wands
 y - a wand of polymorph (14)
 B - a wand of enslavement (2)
 C - a wand of clouds (5)
Scrolls
 i - 2 scrolls of fear
 j - 8 scrolls of identify
 k - 4 scrolls of teleportation
 n - a scroll of fog
 r - 3 scrolls of blinking
 u - 2 scrolls of noise
 x - 3 scrolls of enchant weapon
Potions
 e - a potion of lignification
 p - 2 potions of haste
 q - 3 potions of magic
 s - 3 potions of brilliance
Comestibles
 f - 11 rations


   Skills:
 - Level 4.0 Fighting
 * Level 10.2 Long Blades
 + Level 7.9 Armour
 + Level 7.9 Shields
 + Level 2.3 Invocations


You had 8 spell levels left.
You didn't know any spells.
Your spell library contained the following spells:

 Spells                   Type           Power        Failure   Level  Hunger
 Confusing Touch          Hex            #.......     100%        3    ####...
 Gell's Gravitas          Tloc           #.........   100%        3    ####...
 Petrify                  Tmut/Erth      #.......     100%        4    #####..
 Metabolic Englaciation   Hex/Ice        #.........   100%        5    ######.
 Yara's Violent Unravell  Hex/Tmut       #.........   100%        5    ######.


Dungeon Overview and Level Annotations

Branches:
Dungeon (6/15)             Temple (0/1) D:5           Sewer (visited)

Altars:
Ashenzari
Fedhas
Gozag
Kikubaaqudgha
Uskayaw
Vehumet


Innate Abilities, Weirdness & Mutations

You reflexively headbutt those who attack you in melee.
You have a pair of horns on your head.


Message History

It is a scroll of brand weapon.
Your +1 long sword drips with poison.
a - a +1 long sword of venom (weapon)
Something hits you but does no damage. Something hits you.
* * * LOW HITPOINT WARNING * * *
Unknown command.
You feel better. You block something's attack. Something hits you.
* * * LOW HITPOINT WARNING * * *
Unknown command.
You barely miss something. You block something's attack.
Evoke which item? (* to show all) (? for menu, Esc to quit)
Okay, then.
Something hits you but does no damage.
Unknown command.
Something hits you.
* * * LOW HITPOINT WARNING * * *
Unknown command.
Something hits you!
You die...
Fedhas appreciates your contribution to the ecosystem.

.........##
....#.....########
...####....#..##.##
..#.# #.......#...##
....###............#
........^..........#
...........#......#
......>....#......##
................@{.#
...............###§##
............§§..#§§§#
............§...#§###
..........#...#.#§§#
........##...##.§§##
............####.##
##..........# ###
#.........###


There were no monsters in sight!

Vanquished Creatures
  Sigmund (D:4)
  A water moccasin (D:3)
  A black bear (D:6)
  3 orc warriors (D:6)
  2 sky beasts
  A phantom (D:4)
  3 ogres
  A big kobold (Sewer)
  2 bullfrogs (D:6)
  2 scorpions (D:5)
  3 hounds
  A centaur skeleton (D:6)
  4 orc priests
  3 orc wizards
  2 iguanas
  Natasha (D:3)
  Terence (D:2)
  2 worker ants
  4 gnolls (D:4)
  7 adders
  2 river rats (Sewer)
  7 oozes
  An adder skeleton (D:5)
  2 worms
  A leopard gecko (D:1)
  18 orcs
  2 ball pythons
  11 giant cockroaches
  6 goblins
  13 hobgoblins
  3 jackals (D:3)
  4 quokkas (D:6)
  3 bats
  6 frilled lizards
  8 kobolds
  A leopard gecko skeleton (D:5)
  14 rats
147 creatures vanquished.

Vanquished Creatures (others)
  A human (D:6)
  A jelly (D:6)
  A kobold (Sewer)
3 creatures vanquished.

Grand Total: 150 creatures vanquished

Notes
Turn   | Place    | Note
-------+----------+-------------------------------------------
     0 | D:1      | DeepDeath the Minotaur Fighter began the quest for the Orb.
     0 | D:1      | Reached XP level 1. HP: 19/19 MP: 0/0
   200 | D:1      | Reached skill level 3 in Long Blades
   200 | D:1      | Reached XP level 2. HP: 26/27 MP: 1/1
   516 | D:1      | Reached XP level 3. HP: 32/33 MP: 2/2
  1040 | D:2      | Reached XP level 4. HP: 38/40 MP: 3/3
  1044 | D:2      | Reached skill level 4 in Long Blades
  1292 | D:2      | Found a hide-covered altar of Uskayaw.
  1638 | D:2      | Noticed Terence
  1646 | D:2      | Killed Terence
  1646 | D:2      | Reached XP level 5. HP: 46/46 MP: 4/4
  1870 | D:3      | Found a shattered altar of Ashenzari.
  2112 | D:3      | Noticed a water moccasin
  2281 | D:3      | Killed a water moccasin
  2281 | D:3      | Reached skill level 5 in Long Blades
  2281 | D:3      | Reached skill level 5 in Armour
  2281 | D:3      | Reached skill level 5 in Shields
  2281 | D:3      | Reached XP level 6. HP: 36/52 MP: 5/5
  2536 | D:3      | Noticed Natasha
  2541 | D:3      | Killed Natasha
  2564 | D:4      | Found a glowing drain.
  2728 | D:4      | Reached skill level 6 in Long Blades
  2785 | D:4      | Noticed Sigmund
  2799 | Sewer    | Entered a sewer
  3093 | Sewer    | Reached XP level 7. HP: 49/59 MP: 6/6
  3154 | D:4      | Killed Sigmund
  3154 | D:4      | Reached skill level 7 in Long Blades
  3702 | D:4      | Identified the +1 robe of Calculation {rElec} (You found it
                  | on level 4 of the Dungeon)
  3722 | D:5      | Entered Level 5 of the Dungeon
  3778 | D:5      | Reached skill level 8 in Long Blades
  3835 | D:5      | Reached XP level 8. HP: 45/66 MP: 7/7
  3876 | D:5      | Found an opulent altar of Gozag.
  4015 | D:5      | Found an ancient bone altar of Kikubaaqudgha.
  4016 | D:5      | Found a blossoming altar of Fedhas.
  4228 | D:5      | Reached skill level 9 in Long Blades
  4406 | D:5      | Found a staircase to the Ecumenical Temple.
  4736 | D:5      | Became a worshipper of Fedhas Madash
  4810 | D:6      | Reached skill level 1 in Invocations
  5097 | D:6      | Reached XP level 9. HP: 45/71 MP: 9/9
  5101 | D:6      | Reached skill level 10 in Long Blades
  5381 | D:6      | Found a radiant altar of Vehumet.
  5841 | D:6      | Found an ancient bone altar of Kikubaaqudgha.
  5964 | D:6      | HP: 3/71 [something (5)]
  5969 | D:6      | Slain by an unseen horror

Illustrated notes

Levels and vault maps discovered:
D:1:      minmay_arrival_wavy_path, layout_loops_corners
D:2:      layout_loops_ring, lemuel_doored_altar, uniq_terence
D:3:      layout_loops_ring, nicolae_ashenzari_panopticon, uniq_natasha
D:4:      layout_loops_ring, cheibrodos_sewer_entry_drain, first_ration,
          kennysheep_small_square, uniq_sigmund
D:5:      layout_cave_pods, grunt_temple_overflow_growth_and_decay,
          kennysheep_little_box, minmay_temple_entry_from_below_a
D:6:      layout_cave_pools, fiery_altar_vehumet, tgw_kikubaaqudgha

Skill      XL: |  1  2  3  4  5  6  7  8  9 |
---------------+----------------------------+-----
Long Blades    | 3 4 5 6 8 9 10 | 10.2
Fighting       | 4 |  4.0
Shields        | 4 5 6 7 |  7.9
Armour         | 4 5 6 7 |  7.9
Invocations    | 1 2 |  2.3

Action                   |  1- 3 |  4- 6 |  7- 9 || total
-------------------------+-------+-------+-------++-------
Melee: Long sword        |    82 |   188 |   214 ||   484
       Headbutt          |    11 |    35 |    40 ||    86
Throw: Stone             |       |     5 |     3 ||     8
  Use: Scroll            |     4 |     9 |    11 ||    24
       Potion            |       |     2 |     5 ||     7
  Eat: Chunk             |       |     7 |     5 ||    12
       Ration            |       |     1 |       ||     1
Armor: Scale mail        |    46 |    51 |    67 ||   164
       Skin              |       |       |     2 ||     2
Dodge: Dodged            |    20 |    29 |    39 ||    88
Block: Kite shield       |    31 |   114 |   148 ||   293
       Reflection        |       |     6 |     2 ||     8
       Rpst.: Long sword |     4 |     7 |     8 ||    19
